 Dungeon Crawl Stone Soup version 0.28-a0-8-g6e044cfa68 (webtiles) character file.

Game seed: 3397761965811107988

730 Sobieck the Zephyrmancer (level 7, -3/38 HPs)
             Began as a Tengu Air Elementalist on July 24, 2021.
             Slain by a yak (10 damage)
             ... on level 2 of the Dungeon.
             The game lasted 00:13:11 (3976 turns).

Sobieck the Zephyrmancer (Tengu Air Elementalist)   Turns: 3976, Time: 00:13:12

Health: -3/38      AC:  4    Str:  9    XL:     7   Next: 73%
Magic:  11/12      EV: 15    Int: 17    God:
Gold:   67         SH:  0    Dex: 14    Spells: 2/12 levels left

rFire   + . .      SeeInvis .   y - +3 dagger (elec) {short}
rCold   + . .      Faith    .   (no shield)
rNeg    . . .      Spirit   .   h - +1 robe {rC+ rF+}
rPois   .          Reflect  .   (helmet restricted)
rElec   .          Harm     .   t - +0 cloak
rCorr   .          Rampage  .   (no gloves)
Will    .....                   (boots unavailable)
Stlth   ++........              j - amulet of magic regeneration {@e2}
HPRegen 0.12/turn               (no ring)
MPRegen 0.38/turn               (no ring)

@: flying quickly and evasively, quick
A: beak, talons 3, nimble flight
a: no special abilities


You were on level 2 of the Dungeon.
You visited 1 branch of the dungeon, and saw 5 of its levels.

You collected 67 gold pieces.


Innate Abilities, Weirdness & Mutations

You have a beak for a mouth.
You have claws for feet.
Your magical nature lets you fly swiftly and evasively.


   Skills:
 - Level 1.0 Fighting
 - Level 3.0 Dodging
 - Level 2.0 Stealth
 - Level 3.0 Spellcasting
 - Level 6.0 Conjurations
 + Level 8.9 Air Magic


You had 2 spell levels left.
You knew the following spells:

 Your Spells              Type           Power      Damage    Failure   Level
a - Shock                 Conj/Air       100%       1d9       1%          1
b - Static Discharge      Conj/Air       27%        N/A       1%          2
c - Swiftness             Air            32%        N/A       1%          3
d - Airstrike             Air            16%        N/A       4%          4

Your spell library contained the following spells:

 Spells                   Type           Power      Damage    Failure   Level
 Animate Skeleton         Necr           4%         N/A       17%         1
 Pain                     Necr           8%         1d4       17%         1
 Ozocubu's Armour         Ice            2%         N/A       45%         3
 Vampiric Draining        Necr           1%         2d6       45%         3
 Metabolic Englaciation   Hex/Ice        1%         N/A       99%         5
 Simulacrum               Ice/Necr       1%         N/A       100%        6

Inventory:

Hand Weapons
 b - a +0 vampiric whip {mace}
   (You found it on level 1 of the Dungeon)
 c - a +0 club {mace}
   (You took it off a goblin on level 1 of the Dungeon)
 d - a +0 dagger {short}
   (You took it off a kobold on level 1 of the Dungeon)
 f - a +0 dagger {short}
   (You took it off a goblin on level 1 of the Dungeon)
 v - a +2 dagger of freezing {short}
   (You took it off an orc wizard on level 3 of the Dungeon)
 y - a +3 dagger of electrocution (weapon) {short}
   (You took it off a kobold on level 3 of the Dungeon)
Missiles
 e - 35 stones {throwing}
 l - 15 poisoned darts {throwing}
 o - 37 arrows
 u - 26 bolts
Armour
 a - a +0 robe
 h - a +1 robe of resistance (worn)
   (You took it off a kobold on level 2 of the Dungeon)
 t - a +0 cloak (worn)
   (You found it on level 3 of the Dungeon)
Jewellery
 j - an amulet of magic regeneration (around neck) {@e2}
   (You found it on level 2 of the Dungeon)
Scrolls
 n - 2 scrolls of identify {@r1}
 p - a scroll of teleportation {@r4}
Potions
 i - 2 potions of might
 q - a potion of flight
 r - a potion of curing {@q1}
 w - a potion of mutation {!q}
 x - 2 potions of haste {@q3}

Dungeon Overview and Level Annotations

Branches:
Dungeon (5/15)
 Temple: D:4-7

Altars:
Fedhas
Kikubaaqudgha
Makhleb

Annotations:
D:3 1 runed translucent door, exclusion: downstairs, Rallik's ghost, amateur GrFi
D:4 Eustachio

######
############....#
#..........#.##.#
#.########.#.#..# #.#
#...#.#.#.####
#.####.#.#.#......#
##.##...#.#.###.##.##
#..Y@...#.#...#.##.#.
#######.#.....#..#.#.
##.########.#.#.
#....#......#...
#.)###..##...### #..#
#.......... #..#
#..#.##.... #..#
#..........
#.)###..#.#####.


You could see a yak.


Message History

* * * LOW HITPOINT WARNING * * *
The lightning grounds out.
The yak closely misses you.
Your Air Magic skill increases to level 8! 😱 HP[-4] MP[-2]
You take 4 damage, and now have 4/38 hp.
You lost 2 mp, and now have 9/12 mp.
Unknown command.
The yak closely misses you. 😱 HP[+1] MP[+1] 😱 MP[+1] 😱 MP[+1]
Your mp is fully restored (12).
The yak misses you. 😱 HP[+1] 😱 HP[+1] 😱 HP[+1]
Okay, then. 😱 HP[+1] 😨 HP[+1]
Casting: Static Discharge (safe; 1% risk of failure)
Confirm with . or Enter, or press ? or * to list all spells.
Aiming: Shock (safe; 1% risk of failure)
Press: ? - help, Shift-Dir - straight line, f - yak
Aim: a yak (moderately wounded, 84% to hit)
The zap hits the yak. 😨 MP[-1]
You lost 1 mp, and now have 11/12 mp.
Casting: Shock (safe; 1% risk of failure)
Confirm with . or Enter, or press ? or * to list all spells.
Aiming: Shock (safe; 1% risk of failure)
Press: ? - help, Shift-Dir - straight line, f/p - yak
Aim: a yak (moderately wounded, 84% to hit)
The zap hits the yak.
Casting: Shock (safe; 1% risk of failure)
Confirm with . or Enter, or press ? or * to list all spells.
Aiming: Shock (safe; 1% risk of failure)
Press: ? - help, Shift-Dir - straight line, f/p - yak
Aim: a yak (heavily wounded, 84% to hit)
The zap hits the yak but does no damage. 😨 MP[-1]
You lost 1 mp, and now have 10/12 mp.
Casting: Shock (safe; 1% risk of failure)
Confirm with . or Enter, or press ? or * to list all spells.
Aiming: Shock (safe; 1% risk of failure)
Press: ? - help, Shift-Dir - straight line, f/p - yak
Aim: a yak (heavily wounded, 84% to hit)
The zap misses the yak. 😨 MP[-1]
You lost 1 mp, and now have 9/12 mp. 😨 MP[+1] 😨 MP[+1] 😨 HP[+1] 😨 MP[+1]
Your mp is fully restored (12).
The yak gores you!
* * * LOW HITPOINT WARNING * * *
😱 HP[-9]
You take 9 damage, and now have 2/38 hp.
MASSIVE DAMAGE!! (PAUSE) 😱 HP[+1]
You see here a +0 spear {polearm}.
You see here a +0 club {mace}.
You see here a +0 spear {polearm}. 😱 HP[+1]
Casting: Shock (safe; 1% risk of failure)
Confirm with . or Enter, or press ? or * to list all spells.
Aiming: Shock (safe; 1% risk of failure)
Press: ? - help, Shift-Dir - straight line, f/p - yak
Aim: a yak (moderately wounded, 84% to hit)
Okay, then. 😱 HP[+1]
Casting: Shock (safe; 1% risk of failure)
Confirm with . or Enter, or press ? or * to list all spells.
Aiming: Shock (safe; 1% risk of failure)
Press: ? - help, Shift-Dir - straight line, p - yak The zap hits the yak. 😱 MP[-1]
You lost 1 mp, and now have 11/12 mp. 😱 MP[+1]
Your mp is fully restored (12). 😱 HP[+1]
Casting: Shock (safe; 1% risk of failure)
Confirm with . or Enter, or press ? or * to list all spells.
Aiming: Shock (safe; 1% risk of failure)
Press: ? - help, Shift-Dir - straight line The zap hits the yak.
The zap hits the yak! 😱 MP[-1]
You lost 1 mp, and now have 11/12 mp. 😱 HP[+1] MP[+1]
Your mp is fully restored (12).
Casting: Shock (safe; 1% risk of failure)
Confirm with . or Enter, or press ? or * to list all spells.
Okay, then.
Unknown command.
Casting: Shock (safe; 1% risk of failure)
Confirm with . or Enter, or press ? or * to list all spells.
Aiming: Shock (safe; 1% risk of failure)
Press: ? - help, Shift-Dir - straight line The zap hits the yak. x2; The yak gores you!
You die...

Skill      XL: |  1  2  3  4  5  6  7 |
---------------+----------------------+-----
Conjurations   | 2 4 5 6 |  6.0
Air Magic      | 5 6 8 |  8.9
Spellcasting   | 3 |  3.0
Fighting       | 1 |  1.0
Dodging        | 3 |  3.0
Stealth        | |  2.0

Action                   |  1- 3 |  4- 6 |  7- 9 || total
-------------------------+-------+-------+-------++-------
Melee: Dagger            |       |     1 |       ||     1
 Cast: Shock             |    49 |   132 |    10 ||   191
       Static Discharge  |       |     4 |     9 ||    13
  Use: Scroll            |       |    12 |       ||    12
Armor: Robe              |       |     7 |     1 ||     8
Dodge: Dodged            |     4 |    26 |    13 ||    43

Levels and vault maps discovered:
D:1:      shiori_angband_town, layout_loops_ring, basic_ecumenical_altar
D:2:      layout_basic, minivault_24, st_stairs_14, uniq_terence
D:3:      layout_rooms, grunt_temple_overflow_diamond, gammafunk_ghost_grave
D:4:      layout_gridville, hangedman_decor_growths, minmay_misc_feat_tiny,
          uniq_sigmund, uniq_menkaure, uniq_edmund, uniq_crazy_yiuf_cottage,
          uniq_eustachio, uniq_grinder
D:5:      layout_gridville, st_stairs_6, roderic_batcave, corexii_shack

Notes
Turn   | Place    | Note
-------+----------+-------------------------------------------
     0 | D:1      | Sobieck the Tengu Air Elementalist began the quest for the
                  | Orb.
     0 | D:1      | Reached XP level 1. HP: 10/10 MP: 4/4
     0 | D:1      | magus.rc [v1.9.6]
   137 | D:1      | Reached skill level 2 in Conjurations
   207 | D:1      | Reached XP level 2. HP: 15/15 MP: 1/6
   278 | D:1      | Learned a level 2 spell: Static Discharge
   311 | D:1      | Reached skill level 3 in Conjurations
   454 | D:1      | You pick up a book of Necromancy and begin reading...
   454 | D:1      | You add the spells Pain, Animate Skeleton and Vampiric
                  | Draining to your library.
   758 | D:2      | Reached skill level 4 in Conjurations
   758 | D:2      | Reached XP level 3. HP: 19/19 MP: 1/7
   850 | D:2      | Noticed Terence
   861 | D:2      | Killed Terence
   862 | D:2      | Reached XP level 4. HP: 10/24 MP: 2/8
  1160 | D:2      | Learned a level 3 spell: Swiftness
  1512 | D:1      | Found a faded altar of an unknown god.
  1712 | D:1      | Reached skill level 5 in Air Magic
  2118 | D:2      | Reached skill level 5 in Conjurations
  2149 | D:2      | You pick up a book of Winter and begin reading...
  2149 | D:2      | You add the spells Ozocubu's Armour, Metabolic Englaciation
                  | and Simulacrum to your library.
  2250 | D:4      | Noticed Eustachio
  2264 | D:2      | Gained mutation: Your magical nature lets you fly swiftly
                  | and evasively. [Tengu growth]
  2264 | D:2      | Reached XP level 5. HP: 28/28 MP: 6/9
  2641 | D:3      | Found an ancient bone altar of Kikubaaqudgha.
  2644 | D:3      | Found a blossoming altar of Fedhas.
  2649 | D:3      | Found a burning altar of Makhleb.
  2803 | D:3      | Reached XP level 6. HP: 24/32 MP: 3/11
  2876 | D:3      | Found a runed translucent door.
  2877 | D:3      | Noticed Rallik's ghost (amateur GrFi)
  2937 | D:3      | Learned a level 4 spell: Airstrike
  3030 | D:3      | Reached skill level 3 in Spellcasting
  3031 | D:3      | Reached skill level 6 in Air Magic
  3252 | D:5      | Entered Level 5 of the Dungeon
  3255 | D:5      | Noticed a black bear
  3258 | D:5      | Reached skill level 6 in Conjurations
  3402 | D:4      | Noticed a yak
  3403 | D:4      | Noticed a yak
  3404 | D:4      | Noticed a yak
  3404 | D:4      | Noticed a yak
  3418 | D:4      | Noticed a yak
  3423 | D:4      | Killed a yak
  3424 | D:4      | Reached skill level 1 in Fighting
  3424 | D:4      | Reached skill level 3 in Dodging
  3424 | D:4      | Reached XP level 7. HP: 11/38 MP: 4/12
  3657 | D:3      | Killed a yak
  3658 | D:3      | Reached skill level 7 in Air Magic
  3855 | D:3      | HP: 9/38 [/static electricity (1)]
  3867 | D:3      | HP: 8/38 [yak (1)]
  3869 | D:2      | Killed a yak
  3870 | D:2      | Reached skill level 8 in Air Magic
  3933 | D:2      | HP: 2/38 [yak (9)]
  3976 | D:2      | Slain by a yak

Vanquished Creatures
  3 yaks
  Terence (D:2)
  3 orc wizards (D:3)
  5 gnolls
  6 adders
  A worm (D:2)
  2 dart slugs
  11 orcs
  4 ball pythons
  3 bats
  5 endoplasms
  5 giant cockroaches
  5 goblins
  7 hobgoblins
  8 jackals
  6 kobolds
  4 quokkas
  2 frilled lizards
  2 rats
83 creatures vanquished.

Vanquished Creatures (others)
  2 withered plants (D:3)
2 creatures vanquished.

Grand Total: 85 creatures vanquished

Table legend:
 A = Non-vault XP
 B = Vault XP
 C = Vault XP percentage of total XP
 D = Non-vault monster count
 E = Vault monster count
 F = Vault count percentage of total count
                 A         B        C        D         E       F
            +---------+---------+-------+---------+---------+-------
      Total |     994 |      50 |   4.8 |      81 |       2 |   2.4
            +---------+---------+-------+---------+---------+-------
        D:1 |      46 |       0 |   0.0 |      24 |       0 |   0.0
        D:2 |     328 |      50 |  13.2 |      25 |       2 |   7.4
        D:3 |     387 |       0 |   0.0 |      28 |       0 |   0.0
        D:4 |     205 |       0 |   0.0 |       2 |       0 |   0.0
        D:5 |      28 |       0 |   0.0 |       2 |       0 |   0.0
            +---------+---------+-------+---------+---------+-------

Illustrated notes

Table legend:
 A = Kills in this place as a percentage of kills in entire the game.
 B = Kills by you in this place as a percentage of kills by you in the entire game.
 C = Kills by friends in this place as a percentage of kills by friends in the entire game.
 D = Other kills in this place as a percentage of other kills in the entire game.
 E = Experience gained in this place as a percentage of experience gained in the entire game.
 F = Experience gained in this place divided by the number of levels of this place that you have seen.
                   A       B       C       D       E      F
               +-------+-------+-------+-------+-------+----------------------
         Total | 100.0 | 100.0 |   N/A |   N/A | 100.0 | 208.8
       Dungeon | 100.0 | 100.0 |   N/A |   N/A | 100.0 | 208.8
               +-------+-------+-------+-------+-------+----------------------

Table legend: (Time is in decaauts)
 A = Elapsed time spent in this place.
 B = Non-inter-level travel time spent in this place.
 C = Inter-level travel time spent in this place.
 D = Time resting spent in this place.
 E = Time spent auto-exploring this place.
 F = Levels seen in this place.
 G = Mean time per level.
                   A        B        C        D        E       F      G
               +--------+--------+--------+--------+--------+-----+--------+
         Total |   3904 |   3700 |    204 |   1012 |   2004 |   5 |  780.8 |
       Dungeon |   3904 |   3700 |    204 |   1012 |   2004 |   5 |  780.8 |
               +--------+--------+--------+--------+--------+-----+--------+

Top non-repeatable levels by time:
     D:2: 1341 daAuts
     D:1: 1290 daAuts
     D:3: 975 daAuts
     D:4: 290 daAuts
     D:5: 6 daAuts
